 Dungeon Crawl Stone Soup version 0.28.0-53-g5a82cb258f (webtiles) character file.

Game seed: 4588863887968741970

1656 DocClef the Shield-Bearer (level 9, -2/72 HPs)
             Began as a Gnoll Fighter on June 28, 2022.
             Was an Initiate of Okawaru.
             Killed by divine providence
             ... invoked by an orc priest
              (10 damage)
             ... on level 5 of the Dungeon.
             The game lasted 00:04:54 (4317 turns).

DocClef the Shield-Bearer (Gnoll Fighter)           Turns: 4317, Time: 00:04:55

Health: -2/72      AC: 12    Str: 19    XL:     9   Next: 0%
Magic:  14/14      EV: 10    Int:  8    God:    Okawaru [......]
Gold:   248        SH:  6    Dex: 12    Spells: 15/15 levels left

rFire   . . .      SeeInvis .   l - +0 mace (protect)
rCold   . . .      Faith    .   c - +0 buckler
rNeg    . . .      Spirit   .   b - +0 scale mail
rPois   .          Reflect  .   (no helmet)
rElec   .          Harm     .   o - +2 cloak
rCorr   .          Rampage  .   g - +0 pair of gloves
Will    .....                   (no boots)
Stlth   +.........              (no amulet)
HPRegen 0.22/turn               n - +4 ring of slaying
MPRegen 0.14/turn               (no ring)

@: no status effects
A: fangs 1, strong nose, distributed training
a: Renounce Religion


You were on level 5 of the Dungeon.
You worshipped Okawaru.
Okawaru was noncommittal.
You visited 2 branches of the dungeon, and saw 6 of its levels.

You collected 248 gold pieces.

Inventory:

Hand Weapons
 a - a +0 flail
 l - a +0 mace of protection (weapon)
Missiles
 v - a throwing net (quivered)
Armour
 b - a +0 scale mail (worn)
 c - a +0 buckler (worn)
 g - a +0 pair of gloves (worn)
 o - a +2 cloak (worn)
Jewellery
 n - a +4 ring of slaying (left hand)
Wands
 s - a wand of polymorph (6)
Scrolls
 q - a scroll of teleportation {unknown}
 r - 3 scrolls of identify {unknown}
 u - 2 scrolls of noise {unknown}
Potions
 d - a potion of might
 f - 3 potions of magic
 j - a potion of flight {unknown}
 k - a potion of mutation {unknown}
 m - a potion of heal wounds {unknown}
 t - a potion of brilliance {unknown}


   Skills:
 + Level 7.6 Fighting
 + Level 3.7 Short Blades
 + Level 3.7 Long Blades
 + Level 3.7 Axes
 + Level 6.0 Maces & Flails
 + Level 3.7 Polearms
 + Level 3.7 Staves
 + Level 3.7 Slings
 + Level 3.7 Bows
 + Level 3.7 Crossbows
 + Level 3.7 Throwing
 + Level 7.6 Armour
 + Level 3.7 Dodging
 + Level 3.7 Stealth
 + Level 7.6 Shields
 + Level 3.7 Unarmed Combat
 + Level 3.7 Spellcasting
 + Level 3.1 Conjurations
 + Level 3.1 Hexes
 + Level 3.1 Summonings
 + Level 3.1 Necromancy
 + Level 3.1 Translocations
 + Level 3.1 Transmutations
 + Level 3.1 Fire Magic
 + Level 3.1 Ice Magic
 + Level 3.1 Air Magic
 + Level 3.1 Earth Magic
 + Level 3.1 Poison Magic
 + Level 4.1 Invocations
 + Level 3.7 Evocations


You had 15 spell levels left.
You didn't know any spells.
Your spell library contained the following spells:

 Spells                   Type           Power      Damage    Failure   Level
 Fulminant Prism          Conj/Hex       3%         3d6       95%         4
 Iskenderun's Mystic Bla  Conj/Tloc      6%         2d4       95%         4
 Lee's Rapid Deconstruct  Erth           3%         3d6*      100%        5
 Conjure Ball Lightning   Conj/Air       3%         3x3d6     100%        6
 Discord                  Hex            3%         N/A       100%        8
 Disjunction              Tloc           3%         N/A       100%        8
 Summon Small Mammal      Summ           Unusable   N/A       N/A         1

Dungeon Overview and Level Annotations

Branches:
Dungeon (5/15)             Temple (1/1) D:5

Altars:
Ashenzari
Cheibriados
Dithmenos
Elyvilon
Fedhas
Gozag
Hepliaklqana
Kikubaaqudgha
Makhleb
Okawaru
Ru
Trog
Uskayaw
Vehumet
Wu Jian
Xom
The Shining One


Innate Abilities, Weirdness & Mutations

You have very sharp teeth.
Your uncanny sense of smell can sniff out nearby items.
Your experience applies equally to all skills.


Message History

The hound bites you but does no damage.
An orc priest comes into view. It is wielding a +0 flail.
The hound bites you but does no damage.
The orc priest shouts!
You hit the hound but do no damage.
The hound is heavily wounded.
The hound bites you but does no damage.
You hit the hound.
The hound is almost dead.
The hound bites you but does no damage. The orc hits you but does no damage.
The hound bites you.
* * * LOW HITPOINT WARNING * * *
It was a potion of curing.
You feel better. You block the hound's attack. The orc barely misses you.
You block the hound's attack.
As you read the scroll labelled NEOGEO HUFAUR, it crumbles to dust.
Magic quickly surges around you.
It was a scroll of vulnerability.
The orc hits you but does no damage. The hound closely misses you.
As you read the scroll labelled IQOSSYWNUY, it crumbles to dust.
Your body is wracked with pain!
* * * LOW HITPOINT WARNING * * *
The orc convulses! x2; Something is bathed in an unholy light!
The orc convulses! x2; The orc priest convulses!
The orc convulses!
It was a scroll of torment.
You block the hound's attack.
The orc priest invokes the aid of Beogh against you.
Beogh smites you!
* * * LOW HITPOINT WARNING * * *
The orc hits you but does no damage. The hound barely misses you.
You feel better. The orc hits you with a +0 short sword.
* * * LOW HITPOINT WARNING * * *
The hound misses you.
It was a potion of magic.
Magic courses through your body. The hound barely misses you.
The orc hits you but does no damage. The hound bites you but does no damage.
It was a potion of cancellation.
Your magical effects are unravelling.
You feel magically purged.
You feel your willpower return.
The orc priest calls down the wrath of Beogh upon you.
Beogh smites you!
You die...

...#.....## ###.#
#.....#...# #..
....#...#.# ###
##.######.# ##.###
#.# #.. ..# #.#
#...##.##.#
#...#.#.#########.
#....o.h@oooo...
#...#.#o##########
# #...##.##># #
#.. ..# ... # #.
... ..... # #....
....... #########
# .....#.###.##
#.......# #
#...... .#
#.⌠.⌠.⌠.# #
#.......####


You could see a hound (weak-willed), an orc priest (weak-willed) and 5 orcs.

Vanquished Creatures
  Sigmund (D:3)
  Eustachio (D:5)
  Menkaure (D:5)
  A black bear (D:4)
  An ogre (D:5)
  A necrophage (D:5)
  A phantom (D:5)
  2 scorpions (D:4)
  Blork the orc (D:4)
  A water moccasin zombie (D:5)
  4 wights (D:4)
  A bullfrog zombie (D:5)
  A hound (D:5)
  A jelly (D:5)
  An orc priest (D:4)
  A gnoll shaman (D:4)
  Ijyb (D:3)
  An iguana (D:4)
  A hound zombie (D:5)
  A hound skeleton (D:4)
  12 gnolls
  3 adders
  4 worms
  3 dart slugs
  5 orcs
  4 ball pythons
  9 endoplasms
  9 giant cockroaches
  8 goblins
  8 hobgoblins
  12 jackals
  2 quokkas
  5 bats
  4 frilled lizards
  9 kobolds
  3 rats
124 creatures vanquished.

Vanquished Creatures (others)
  2 fungi (D:2)
  3 plants (D:2)
5 creatures vanquished.

Grand Total: 129 creatures vanquished

Notes
Turn   | Place    | Note
-------+----------+-------------------------------------------
     0 | D:1      | DocClef the Gnoll Fighter began the quest for the Orb.
     0 | D:1      | Reached XP level 1. HP: 23/23 MP: 1/1
    76 | D:1      | Reached XP level 2. HP: 26/29 MP: 2/2
   467 | D:1      | Reached XP level 3. HP: 35/35 MP: 3/3
   857 | D:2      | Reached skill level 1 in Invocations
  1002 | D:2      | Reached skill level 1 in Short Blades
  1002 | D:2      | Reached skill level 1 in Long Blades
  1002 | D:2      | Reached skill level 1 in Axes
  1002 | D:2      | Reached skill level 1 in Polearms
  1002 | D:2      | Reached skill level 1 in Staves
  1002 | D:2      | Reached skill level 1 in Slings
  1002 | D:2      | Reached skill level 1 in Bows
  1002 | D:2      | Reached skill level 1 in Crossbows
  1002 | D:2      | Reached skill level 1 in Throwing
  1002 | D:2      | Reached skill level 1 in Dodging
  1002 | D:2      | Reached skill level 1 in Stealth
  1002 | D:2      | Reached skill level 1 in Unarmed Combat
  1002 | D:2      | Reached skill level 1 in Spellcasting
  1002 | D:2      | Reached skill level 1 in Evocations
  1052 | D:2      | Reached XP level 4. HP: 41/41 MP: 5/5
  1246 | D:2      | Found a faded altar of an unknown god.
  1255 | D:2      | Got Plato's Disquisition on the Entourage
  1399 | D:3      | Noticed Sigmund
  1466 | D:3      | Killed Sigmund
  1467 | D:3      | Reached skill level 1 in Conjurations
  1467 | D:3      | Reached skill level 1 in Hexes
  1467 | D:3      | Reached skill level 1 in Summonings
  1467 | D:3      | Reached skill level 1 in Necromancy
  1467 | D:3      | Reached skill level 1 in Translocations
  1467 | D:3      | Reached skill level 1 in Transmutations
  1467 | D:3      | Reached skill level 1 in Fire Magic
  1467 | D:3      | Reached skill level 1 in Ice Magic
  1467 | D:3      | Reached skill level 1 in Air Magic
  1467 | D:3      | Reached skill level 1 in Earth Magic
  1467 | D:3      | Reached skill level 1 in Poison Magic
  1467 | D:3      | Reached XP level 5. HP: 41/47 MP: 5/7
  1467 | D:3      | Reached XP level 6. HP: 47/53 MP: 5/8
  1542 | D:3      | Found a broken altar of Ashenzari.
  1574 | D:3      | Reached skill level 5 in Maces & Flails
  1828 | D:3      | Found a faded altar of an unknown god.
  1828 | D:3      | Found a faded altar of an unknown god.
  1831 | D:3      | Noticed Ijyb
  1837 | D:3      | Killed Ijyb
  1866 | D:3      | Found a sacrificial altar of Ru.
  1869 | D:3      | Found an ancient bone altar of Kikubaaqudgha.
  1871 | D:3      | Found a bloodstained altar of Trog.
  2017 | D:4      | Noticed a black bear
  2026 | D:4      | Killed a black bear
  2283 | D:4      | Noticed Blork the orc
  2292 | D:4      | Killed Blork the orc
  2293 | D:4      | Reached XP level 7. HP: 43/60 MP: 10/10
  2934 | D:5      | Entered Level 5 of the Dungeon
  3011 | D:5      | Reached XP level 8. HP: 63/67 MP: 12/12
  3078 | D:5      | Noticed Menkaure
  3937 | D:5      | Found a staircase to the Ecumenical Temple.
  3977 | Temple   | Entered the Ecumenical Temple
  4168 | Temple   | Became a worshipper of Warmaster Okawaru
  4224 | D:5      | Noticed Eustachio
  4243 | D:5      | Killed Eustachio
  4296 | D:5      | Killed Menkaure
  4297 | D:5      | Reached XP level 9. HP: 12/72 MP: 14/14
  4314 | D:5      | HP: 2/72 [orc priest/divine providence (10)]
  4317 | D:5      | Killed from afar by an orc priest

Illustrated notes

Levels and vault maps discovered:
D:1:      heliophobic_arrival_ceremonial_halls, layout_loops_ring
D:2:      layout_basic, shapermc_ecumenical_altar_rom_forum
D:3:      layout_rooms, ashenzari_altar_1, chequers_temple_overflow_minitemple,
          uniq_sigmund, uniq_ijyb
D:4:      layout_loops_ring, hangedman_decor_peaks_small, uniq_blork_the_orc
D:5:      layout_loops_ring, nicolae_qazlal_eye_of_the_storm, temple_doors_e,
          minmay_misc_feat_five, grunt_ministairs_3, uniq_eustachio,
          uniq_menkaure
Temple:   dshaligram_water_room_temple

Skill      XL: |  1  2  3  4  5  6  7  8 |
---------------+-------------------------+-----
Invocations    | 1 2 3 4 |  4.1
Short Blades   | 1 2 3 |  3.7
Long Blades    | 1 2 3 |  3.7
Axes           | 1 2 3 |  3.7
Polearms       | 1 2 3 |  3.7
Staves         | 1 2 3 |  3.7
Slings         | 1 2 3 |  3.7
Bows           | 1 2 3 |  3.7
Crossbows      | 1 2 3 |  3.7
Throwing       | 1 2 3 |  3.7
Dodging        | 1 2 3 |  3.7
Stealth        | 1 2 3 |  3.7
Unarmed Combat | 1 2 3 |  3.7
Spellcasting   | 1 2 3 |  3.7
Evocations     | 1 2 3 |  3.7
Conjurations   | 1 2 3 |  3.1
Hexes          | 1 2 3 |  3.1
Summonings     | 1 2 3 |  3.1
Necromancy     | 1 2 3 |  3.1
Translocations | 1 2 3 |  3.1
Transmutations | 1 2 3 |  3.1
Fire Magic     | 1 2 3 |  3.1
Ice Magic      | 1 2 3 |  3.1
Air Magic      | 1 2 3 |  3.1
Earth Magic    | 1 2 3 |  3.1
Poison Magic   | 1 2 3 |  3.1
Maces & Flails | 5 6 |  6.0
Fighting       | 7 |  7.6
Armour         | 7 |  7.6
Shields        | 7 |  7.6

Action                   |  1- 3 |  4- 6 |  7- 9 || total
-------------------------+-------+-------+-------++-------
Melee: Flail             |   112 |    21 |       ||   133
       Bite              |     7 |    14 |    27 ||    48
       Mace              |       |    95 |   218 ||   313
  Use: Potion            |       |       |     4 ||     4
       Scroll            |       |       |     2 ||     2
Armor: Scale mail        |    49 |    52 |   107 ||   208
Dodge: Dodged            |    36 |    49 |   106 ||   191
Block: Buckler           |    21 |    26 |    55 ||   102
